Map: Orbital Shipyard

Players

PolitiK

  • Race: Protoss Protoss
  • League: Diamond

LilDicky - Winner!

  • Race: Terran Terran
  • League: Diamond

VOD

http://www.twitch.tv/tumescentpie

Description

Time

  • Played on: Dec. 12, 2015, 1:33 p.m.
  • Length: 6:50
Show
View Real Time Build Order
Export as new Build Order

PolitiK Protoss 

Build Orders:  

Get SALT Encoding   

  12  0:01  Probe (Chrono Boost)  
  13  0:11  Probe (Chrono Boost)  
  14  0:18  Pylon  
  14  0:22  Probe (Chrono Boost)  
  15  0:36  Probe (Chrono Boost)  
  15  0:40  Gateway  
  15  0:42  Assimilator  
  16  0:48  Probe (Chrono Boost)  
  17  0:58  Probe (Chrono Boost)  
  18  1:07  Assimilator  
  18  1:09  Probe (Chrono Boost)  
  19  1:19  Probe (Chrono Boost)  
  20  1:25  Pylon  
  20  1:29  Cybernetics Core  
  20  1:32  Probe (Chrono Boost)  
  21  1:42  Probe (Chrono Boost)  
  22  1:53  Probe (Chrono Boost)  
  22  2:06  Robotics Facility  
  22  2:09  Warp Gate (Chrono Boost)  
  22  2:11  Adept  
  24  2:19  Probe  
  25  2:24  Gateway  
  25  2:29  Gateway  
  25  2:33  Probe  
  26  2:42  Pylon  
  26  2:53  Warp Prism (Chrono Boost)  
  28  3:03  Gateway  
  28  3:13  Adept  
  26  3:31  Pylon  
  26  3:35  Observer (Chrono Boost)  
  27  3:42  Mothership Core  
  24  4:13  Probe  
  25  4:25  Probe  
  26  4:40  Adept  
  26  4:41  Adept x3  
  32  5:37  Adept  
  32  5:38  Adept x3  
  40  6:18  Adept x3  
  40  6:23  Pylon  
  40  6:24  Pylon  
Show
View Real Time Build Order
Export as new Build Order

LilDicky Terran - Winner!

Build Orders: MMM Bio 

Get SALT Encoding   

  12  0:01  SCV  
  13  0:15  SCV  
  13  0:19  Supply Depot  
  14  0:27  SCV  
  15  0:29  Refinery  
  15  0:40  SCV  
  16  0:46  Barracks  
  16  0:52  SCV  
  17  1:05  SCV  
  18  1:18  SCV  
  19  1:31  SCV  
  20  1:33  Marine  
  20  1:34  Supply Depot  
  21  1:44  Factory  
  21  1:47  Orbital Command  
  21  1:58  Marine  
  21  2:00  Barracks  
  22  2:06  Barracks  
  22  2:14  Refinery  
  22  2:20  SCV  
  24  2:32  SCV  
  24  2:34  Barracks Reactor  
  24  2:38  Supply Depot  
  25  2:44  SCV  
  25  2:46  Widow Mine  
  27  2:52  Barracks Tech Lab  
  27  2:53  Barracks Tech Lab  
  27  2:54  Barracks Tech Lab  
  27  2:56  SCV  
  27  3:07  Supply Depot  
  27  3:08  SCV  
  28  3:13  Stimpack  
  28  3:14  Marine x2  
  28  3:16  Combat Shields  
  30  3:20  SCV  
  30  3:26  Widow Mine  
  33  3:27  Marine  
  33  3:31  Concussive Shells  
  33  3:32  SCV, Marine  
  36  3:41  Marine  
  36  3:44  SCV  
  36  3:47  Refinery  
  38  3:50  Starport  
  38  4:09  Marauder  
  39  4:15  Supply Depot  
  39  4:17  Marauder  
  39  4:21  SCV  
  39  4:36  SCV, Medivac  
  39  4:37  Supply Depot, Marauder x2  
  46  4:48  SCV  
  47  4:58  Marine  
  47  4:59  Marauder x2  
  47  5:17  Marauder  
  47  5:20  Marauder, Marine  
  49  5:33  Medivac  
  51  5:38  Marauder, Marine  
  54  5:50  Marauder  
  54  5:56  Marauder  
  56  5:59  Marine  
  57  6:11  Marine  
Tags
 
Add a new tag
Caveats
  • Supply blocks, unpowered buildings, or Contaminate may cause inaccurate times.
  • Supply counts are checked every 10 seconds.